 Dungeon Crawl Stone Soup version 0.19.0-2-gae57169 (webtiles) character file.

279783 Chiseanne the Eclecticist (level 19, -1/103 HPs)
             Began as a High Elf Artificer on Nov 6, 2016.
             Was the Champion of Vehumet.
             Shot with an arrow by a deep elf master archer (14 damage)
             ... on level 3 of the Elven Halls.
             The game lasted 04:52:21 (51380 turns).

Chiseanne the Eclecticist (High Elf Artificer)     Turns: 51380, Time: 04:52:22

Health: -1/103     AC: 17    Str: 15    XL:     19   Next: 66%
Magic:  52/52      EV: 23    Int: 30    God:    Vehumet [******]
Gold:   1269       SH:  7    Dex: 15    Spells: 8 memorised, 15 levels left

rFire  + + .     SeeInvis +     y - staff of wizardry
rCold  + . .     Gourm    .     X - +2 robe {rC+ rF+}
rNeg   + . .     Faith    +     k - +2 buckler {AC+3}
rPois  +         Spirit   .     h - +0 hat "Punac" {rN+ MR+ Dex-3} (curse)
rElec  .         Reflect  .     L - +2 cloak "Etexuy" {Regen+ MP+9 Stlth+}
rCorr  .         Harm     .     R - +2 pair of gloves
MR     ++...                    A - +2 pair of boots
Stlth  +++.......               s - amulet "Neixit" {Faith rPois rF+ SInv}
                                W - ring of Suicidal Tendencies {Str+4 Int+7 Slay+2}
                                z - +5 ring of evasion

@: no status effects
A: repulsion field 1, frail 1, wild magic 1
a: Renounce Religion
}: 2/15 runes: barnacled, gossamer


You were on level 3 of the Elven Halls.
You worshipped Vehumet.
Vehumet was exalted by your worship.
You were not hungry.

You visited 8 branches of the dungeon, and saw 40 of its levels.
You also visited: Labyrinth, Sewer, Bailey and Ice Cave.

You collected 4739 gold pieces.
You spent 3470 gold pieces at shops.

Inventory:

Hand Weapons
 a - the +7 flail "Heil" {crush, Str+5}
   (You found it on level 13 of the Dungeon)

   It inflicts extra damage upon your enemies.
   It affects your strength (+5).
 n - the cursed +3 falchion of Tahiqux {slice, rPois rN+ Str-4 Int+4}
   (You took it off a deep elf death mage on level 3 of the Elven Halls)

   It inflicts extra damage upon your enemies.
   It affects your strength (-4).
   It affects your intelligence (+4).
   It protects you from poison.
   It protects you from negative energy.
   It has a curse placed upon it.
Armour
 h - the cursed +0 hat "Punac" (worn) {rN+ MR+ Dex-3}
   (You found it in an ice cave)

   It affects your dexterity (-3).
   It protects you from negative energy.
   It affects your resistance to hostile enchantments.
   It has a curse placed upon it.
 k - a +2 buckler of protection (worn)
 w - the cursed +1 leather armour "Zopam" {rF+ Int+4 SInv}
   (You took it off a deep elf death mage on level 3 of the Elven Halls)

   It affects your intelligence (+4).
   It protects you from fire.
   It lets you see invisible.
   It has a curse placed upon it.
 A - a +2 pair of boots (worn)
 G - a +3 buckler of fire resistance
 L - the +2 cloak "Etexuy" (worn) {Regen+ MP+9 Stlth+}
   (You found it on level 9 of the Dungeon)

   It affects your magic capacity (+9).
   It increases your rate of regeneration.
   It makes you more stealthy.
 R - a +2 pair of gloves (worn)
 X - a +2 robe of resistance (worn)
Magical Staves
 x - an uncursed staff of conjuration
 y - an uncursed staff of wizardry (weapon)
 O - an uncursed staff of power
Rods
 q - a +3 iron rod (11/11)
   (You found it on level 1 of the Depths)
Jewellery
 s - the amulet "Neixit" (around neck) {Faith rPois rF+ SInv}
   (You bought it in a shop on level 5 of the Depths)

   [amulet of faith]

   It allows you to gain divine favour quickly.
   It protects you from fire.
   It protects you from poison.
   It lets you see invisible.
 z - a +5 ring of evasion (left hand)
 P - an uncursed ring of flight
 W - the ring of Suicidal Tendencies (right hand) {Str+4 Int+7 Slay+2}
   (You found it in a labyrinth)

   [ring of slaying]

   It affects your strength (+4).
   It affects your intelligence (+7).
   It affects your accuracy and damage with ranged weapons and melee attacks
   (+2).
Wands
 E - a wand of digging (11/24)
 S - a wand of confusion (17/48)
Scrolls
 b - 14 scrolls of teleportation
 c - a scroll of recharging
 d - a scroll of amnesia
 e - 5 scrolls of blinking
 j - 8 scrolls of remove curse
 p - 7 scrolls of magic mapping
 u - 10 scrolls of identify
 N - a scroll of summoning
 V - 3 scrolls of immolation
 Y - 11 scrolls of fog
Potions
 g - 6 potions of heal wounds
 l - a potion of cure mutation
 o - 5 potions of cancellation
 t - 6 potions of brilliance
 v - a potion of berserk rage
 D - 5 potions of might
 H - 3 potions of haste
 I - 11 potions of flight
 J - 11 potions of curing
 U - 2 potions of magic
 Z - 5 potions of ambrosia
Books
 i - Roxanne's Papyrus of Stones
   (You took it off Roxanne on level 1 of the Elven Halls)

   Spells                             Type                      Level
   a - Sandblast                      Earth                        1
   b - Stone Arrow                    Conjuration/Earth            3
   c - Leda's Liquefaction            Hexes/Earth                  4
   d - Bolt of Magma                  Conjuration/Fire/Earth       5
   e - Statue Form                    Transmutation/Earth          6
Miscellaneous
 m - a lamp of fire
 B - a phial of floods
 K - a fan of gales
Comestibles
 f - 12 bread rations
 r - 19 meat rations


   Skills:
 - Level 5.9 Fighting
   Level 1.2 Short Blades
 - Level 8.1 Armour
 - Level 6.9 Dodging
 - Level 1.1 Stealth
 - Level 4.8 Shields
 * Level 19.9 Spellcasting
 * Level 18.7 Conjurations
 - Level 8.0 Summonings
 - Level 4.1 Translocations
 * Level 18.2 Ice Magic
 - Level 4.7 Evocations


You had 15 spell levels left.
You knew the following spells:

 Your Spells              Type           Power        Failure   Level  Hunger
a - Spellforged Servitor  Conj/Summ      #######...   1%          7    ###....
b - Iskenderun's Battles  Conj/Chrm      #######.     1%          5    None
c - Orb of Destruction    Conj           ########..   1%          7    ###....
d - Iron Shot             Conj/Erth      #######...   1%          6    None
f - Glaciate              Conj/Ice       ########..   11%         9    ######.
g - Blink                 Tloc           N/A          1%          2    None
h - Conjure Flame         Conj/Fire      #######.     1%          3    None
i - Mephitic Cloud        Conj/Pois/Air  ######..     1%          3    None


Dungeon Overview and Level Annotations

Branches:
Dungeon (15/15)            Temple (1/1) D:4            Lair (6/6) D:10
 Shoals (4/4) Lair:4       Spider (4/4) Lair:3        Slime (0/5) Lair:6
    Orc (2/2) D:9             Elf (3/3) Orc:2        Vaults (0/5) D:13
 Depths (5/5) D:15            Zot (0/5) Depths:5

Altars:
Ashenzari
Cheibriados
Dithmenos
Elyvilon
Fedhas
Gozag
Hepliaklqana
Kikubaaqudgha
Makhleb
Nemelex Xobeh
Okawaru
Qazlal
Ru
Sif Muna
Trog
Uskayaw
Vehumet
Xom
Yredelemnul
Zin
The Shining One
Beogh
Lugonu

Shops:
D:12 *   D:14 (   Orc:2 ??%:   Elf:2 :   Shoals:1 !(   Depths:1 :   Depths:4 [
Depths:5 ==

Portals:
Hell: Depths:1 Depths:2 Depths:3 Depths:4 Depths:5
Abyss: Depths:1 Depths:4
Pandemonium: Depths:3 Depths:4 Depths:5
Ziggurat: Depths:1

Annotations:
Shoals:4 exclusion: 2 upstairs
Spider:2 exclusion: upstairs
Elf:2 3 runed doors


Innate Abilities, Weirdness & Mutations

You are surrounded by a mild repulsion field. (EV +2)
You are frail. (-10% HP)
Your spells are a little harder to cast, but a little more powerful.


Message History

You are engulfed in freezing vapours.
You resist.
The deep elf annihilator shouts!
The deep elf master archer shoots an arrow.
The arrow hits you but does no damage.
The deep elf master archer wields a longbow.
The deep elf master archer shoots an arrow.
The arrow hits you!!!
Things that are here:
2 arrows; a short sword A deep elf annihilator comes into view.
It is wielding a long sword of slicing.
You are engulfed in freezing vapours.
You resist.
The deep elf master archer shoots an arrow.
The arrow hits you!!
* * * LOW HITPOINT WARNING * * *
The deep elf elementalist is engulfed in freezing vapours.
The deep elf elementalist mumbles some strange words.
The deep elf elementalist seems to speed up.
The deep elf master archer shoots an arrow.
The arrow hits you!
You die...

#.# #)# #)# #.#
.# #.# #. ...#
#)# #...
.....##(##.....
##....§§§.....#
#....§§@§§.....
.#..§§§§§§§....
..#8§§§8§§§§...
..§§§§§§§§§§§..
.§§§§§§e§e§§§§.
..ee...........
...........e...
...⌠...........


You could see 2 deep elf master archers, 2 deep elf annihilators and a deep elf
elementalist.

Vanquished Creatures
  An ancient lich (Depths:1)
  A juggernaut (Depths:4)
  Saint Roka (Orc:2)
  A golden dragon (Depths:5)
  2 liches (Depths:5)
  A tentacled monstrosity (Depths:5)
  2 deep elf blademasters (Elf:3)
  2 storm dragons (Depths:5)
  Roxanne (Elf:1)
  A frost giant (Depths:5)
  A fire giant (Depths:4)
  4 deep elf sorcerers (Elf:3)
  Ilsuiw (Shoals:4)
  2 emperor scorpions (Spider:4)
  3 ghost moths
  A deep elf elementalist (Elf:3)
  A draconian zealot (Depths:5)
  2 draconian callers (Depths:5)
  A spriggan defender (Depths:4)
  A stone giant (Depths:3)
  2 very ugly things
  A lorocyproca (Depths:4)
  5 deep elf demonologists (Elf:3)
  An entropy weaver (Spider:2)
  3 deep elf annihilators (Elf:3)
  4 spark wasps
  4 deep elf death magi (Elf:3)
  A minotaur (Lab)
  3 yaktaur captains (Depths:5)
  4 fire dragons
  2 ettins
  3 ice dragons
  Harold (D:10)
  3 merfolk impalers
  5 hydras
  A vault guard (D:13)
  2 deep elf high priests (Elf:3)
  A rakshasa (Depths:4)
  Erolcha (D:10)
  2 spriggan air magi
  An alligator snapping turtle (Shoals:4)
  4 deep troll shamans
  2 catoblepae
  5 dancing weapons
  2 death yaks (Lair:6)
  An ogre mage (Depths:4)
  2 tengu warriors
  A deep troll earth mage (Depths:3)
  A merfolk aquamancer (Shoals:4)
  4 merfolk avatars
  2 vampire magi
  2 deep elf knights
  A spriggan (Depths:4)
  An iron troll (Depths:2)
  3 unseen horrors
  A flayed ghost (Depths:3)
  A sea snake (shapeshifter) (Elf:1)
  A wizard (Elf:1)
  6 deep trolls
  3 glowing orange brains
  5 sea snakes (Shoals:4)
  A deep elf archer (D:13)
  Joseph (D:10)
  2 hill giants
  A necromancer (Depths:3)
  2 orb spiders (Spider:4)
  9 deep elf magi
  7 harpies
  2 ugly things (Depths:4)
  An orc knight (Bailey)
  6 wolf spiders
  An oklob plant (D:10)
  4 orc sorcerers
  6 manticores
  An elephant (Lair:6)
  Maurice (D:10)
  2 ice statues (IceCv)
  A rust devil (Depths:4)
  Psyche (D:9)
  2 water nymphs (Shoals:4)
  3 black mambas
  11 spiny frogs
  A torpor snail (Lair:5)
  A centaur skeleton (D:15)
  8 rime drakes
  6 komodo dragons
  3 yaktaurs
  9 ice devils
  4 trolls
  The ghost of Philosophy the Shooter, an amateur CeHu of Okawaru (D:5)
  3 jumping spiders
  A polar bear (Lair:6)
  6 wind drakes
  5 hornets
  5 merfolk
  3 two-headed ogres
  Grinder (D:4)
  9 blink frogs
  A hippogriff (shapeshifter) (Depths:2)
  3 hippogriffs
  3 snapping turtles
  5 slime creatures
  5 dream sheep (Lair:4)
  11 redbacks
  4 air elementals
  A wyvern (Lair:6)
  7 tarantellas
  9 yaks
  3 shadows
  3 water elementals
  A basilisk (Lair:6)
  A wraith (D:11)
  A steam dragon (Lair:3)
  Grum (D:8)
  A fire elemental (Depths:4)
  3 hungry ghosts
  Menkaure (D:7)
  4 wargs
  A soldier ant (D:14)
  2 hydra simulacra (Depths:4)
  10 porcupines
  A floating eye (Depths:2)
  13 orc warriors
  10 water moccasins
  A black bear (shapeshifter) (Elf:1)
  2 ice beasts
  2 black bears
  2 phantoms
  3 necrophages (Lair:3)
  13 ogres
  6 boggarts
  15 wolves
  5 centaurs
  14 crocodiles
  10 big kobolds
  13 bullfrogs
  An earth elemental (Elf:1)
  A gnoll sergeant (D:9)
  3 scorpions
  2 wyvern skeletons
  5 wights (D:10)
  6 howler monkeys
  4 crimson imps
  2 bullfrog zombies
  6 hounds
  2 jellies
  6 orc priests
  4 bullfrog skeletons
  A gnoll shaman (D:7)
  An iron imp (Depths:4)
  18 orc wizards
  An iguana (D:6)
  12 worker ants
  6 gnolls
  A worker ant zombie (D:9)
  14 adders
  A river rat (D:6)
  4 shadow imps
  6 white imps (IceCv)
  6 ufetubi (IceCv)
  7 oozes
  An adder skeleton (D:7)
  A worm (Sewer)
  2 dart slugs
  5 leopard geckos
  83 orcs
  6 bats
  8 giant cockroaches
  2 goblins (D:3)
  5 hobgoblins
  7 jackals
  6 quokkas
  6 ball pythons
  4 frilled lizards
  15 kobolds
  A leopard gecko zombie (D:6)
  A quokka skeleton (D:5)
  A quokka zombie (D:5)
  13 rats
  2 plants (D:10)
  18 withered plants (D:15)
757 creatures vanquished.

Vanquished Creatures (collateral kills)
  Mara (Depths:3)
  An ancient lich (Depths:1)
  Sojobo (Depths:5)
  A golden dragon (Depths:2)
  2 tentacled monstrosities
  A quicksilver dragon (Depths:5)
  A titan (Depths:2)
  A lich (Depths:2)
  A sphinx (Depths:2)
  2 tengu reavers (Depths:5)
  A storm dragon (Depths:2)
  5 frost giants
  A fire giant (Depths:2)
  The ghost of TheWoodenMan the Spry, a journeyman MfFi of Okawaru (Spider:2)
  A draconian scorcher (Depths:5)
  2 emperor scorpions (Spider:4)
  A deep elf sorcerer (Elf:1)
  2 orc warlords (Depths:3)
  A draconian zealot (Depths:5)
  A deep elf elementalist (Depths:4)
  A reaper (Depths:3)
  15 stone giants
  2 spriggan defenders
  12 very ugly things
  2 entropy weavers
  2 green draconians (Depths:5)
  A deep elf annihilator (Elf:1)
  2 mottled draconians (Depths:5)
  3 spark wasps
  7 merfolk javelineers (Shoals:4)
  The ghost of Danakh the Cleaver, a journeyman MiFi of Hepliaklqana (D:11)
  4 merfolk impalers (Shoals:4)
  8 ettins
  4 fire dragons (Depths:2)
  4 yaktaur captains
  3 hydras
  8 ice dragons
  Josephine (D:15)
  3 vault guards (D:13)
  2 great orbs of eyes
  3 spriggan air magi
  3 rakshasas
  A hell beast (Depths:1)
  2 merfolk avatars (Shoals:4)
  2 merfolk aquamancers
  10 centaur warriors
  2 satyrs (Shoals:4)
  A tengu warrior (Depths:2)
  11 deep troll shamans
  4 deep troll earth magi
  An ogre mage (D:15)
  7 dancing weapons
  2 hell knights (Depths:3)
  An orc high priest (Depths:3)
  A sun demon (Depths:1)
  3 death yaks (Lair:6)
  2 spriggan berserkers (Depths:2)
  A deep elf knight (Elf:1)
  A soul eater (Depths:4)
  6 iron trolls
  A skeletal warrior (D:15)
  An unseen horror (D:10)
  24 deep trolls
  2 flayed ghosts
  5 sea snakes
  An infernal demonspawn (Depths:4)
  4 glowing orange brains
  4 harpies
  5 deep elf archers
  A wizard (Elf:1)
  A hill giant (D:14)
  10 orc knights
  7 orc sorcerers
  A phantasmal warrior (D:15)
  3 necromancers
  17 deep elf magi
  20 wolf spiders
  7 orb spiders
  9 manticores
  21 ugly things
  2 cyclopes
  A moth of wrath (Spider:2)
  2 salamanders (Depths:4)
  3 sirens (Shoals:4)
  A molten gargoyle (D:14)
  A centaur zombie (D:12)
  A smoke demon (Depths:3)
  A rust devil (Depths:1)
  2 water nymphs
  4 centaur skeletons
  A rime drake (Lair:6)
  2 komodo dragons
  2 spiny frogs (Lair:6)
  A freezing wraith (Depths:1)
  2 kobold demonologists (D:14)
  2 ice devils
  22 yaktaurs
  4 demonic crawlers
  2 tengu conjurers
  A guardian mummy (D:15)
  24 merfolk
  9 jumping spiders
  3 two-headed ogres
  3 polar bears (Lair:6)
  A hornet (Spider:4)
  A wind drake (Lair:6)
  2 blink frogs (Lair:6)
  8 slime creatures
  3 hippogriffs
  2 deep troll zombies (D:15)
  An ice dragon zombie (D:15)
  3 flying skulls (Depths:1)
  6 snapping turtles (Shoals:4)
  18 tarantellas
  7 water elementals
  6 air elementals
  A shadow (D:14)
  4 wraiths (D:15)
  48 redbacks
  2 wyverns (Lair:6)
  A chaos spawn (Depths:3)
  A hungry ghost (D:11)
  2 fire elementals
  A neqoxec (Depths:3)
  8 wargs
  A water moccasin (Lair:6)
  4 hydra simulacra (Depths:4)
  A floating eye (Depths:2)
  29 orc warriors
  2 sky beasts (D:5)
  5 boggarts
  13 ogres
  2 crocodiles
  8 centaurs
  3 big kobolds (D:14)
  4 bullfrogs
  An earth elemental (Elf:1)
  A wyvern skeleton (D:14)
  A scorpion (D:13)
  3 howler monkeys (D:14)
  3 crimson imps
  A bullfrog zombie (D:12)
  2 lava snakes (D:14)
  A quasit (D:13)
  A hound (D:12)
  6 orc priests
  A bullfrog skeleton (D:5)
  30 orc wizards
  4 worker ants
  A gnoll (D:7)
  4 shadow imps
  A white imp (Depths:4)
  An ufetubus (Depths:4)
  An adder zombie (D:7)
  A leopard gecko (D:5)
  61 orcs
  A goblin (D:3)
  A kobold (D:14)
  A quokka skeleton (D:5)
  A plant (Lair:6)
  A withered plant (D:15)
745 creatures vanquished.

Vanquished Creatures (others)
  A reaper (IceCv)
  A great orb of eyes (Depths:2)
  A monstrous demonspawn (Depths:3)
  A deep troll shaman (Depths:3)
  An orb spider (Spider:4)
  2 yaktaurs (Depths:3)
  A troll (D:10)
  A fire dragon zombie (D:15)
  A redback (Spider:4)
  A sky beast (D:12)
  An orc warrior (D:11)
  An eye of draining (D:10)
  An ogre (D:15)
  A howler monkey (D:5)
  2 gnolls (D:7)
  An adder (D:5)
  3 white imps (IceCv)
  4 ufetubi (IceCv)
  3 orcs
  11 blocks of ice (Elf:3)
  7 fungi
  13 plants
  A withered plant (D:15)
60 creatures vanquished.

Grand Total: 1562 creatures vanquished

Notes
Turn   | Place    | Note
-------+----------+-------------------------------------------
     0 | D:1      | Chiseanne the High Elf Artificer began the quest for the Orb.
     0 | D:1      | Reached XP level 1. HP: 13/13 MP: 4/4
   542 | D:1      | Reached XP level 2. HP: 18/18 MP: 5/5
   983 | D:2      | Found an iron altar of Okawaru.
   985 | D:2      | Found a bloodstained altar of Trog.
  1421 | D:2      | Reached XP level 3. HP: 21/24 MP: 6/6
  1450 | D:2      | Found a shadowy altar of Dithmenos.
  2042 | D:3      | Reached skill level 1 in Armour
  2257 | D:3      | Reached XP level 4. HP: 29/29 MP: 7/7
  2595 | D:3      | Found a deep blue altar of Sif Muna.
  2595 | D:3      | Found an opulent altar of Gozag.
  2596 | D:3      | Found a sparkling altar of Nemelex Xobeh.
  3052 | D:4      | Reached XP level 5. HP: 31/35 MP: 8/8
  3375 | D:4      | Noticed Grinder
  3381 | D:4      | Killed Grinder
  3381 | D:4      | Reached XP level 6. HP: 23/42 MP: 8/10
  3738 | D:4      | Found a hazy altar of Hepliaklqana.
  3765 | D:4      | Found a staircase to the Ecumenical Temple.
  3775 | Temple   | Entered the Ecumenical Temple
  3971 | Temple   | Became a worshipper of Vehumet
  4030 | D:4      | Reached XP level 7. HP: 46/46 MP: 11/11
  4440 | D:5      | Entered Level 5 of the Dungeon
  4556 | D:5      | Reached skill level 5 in Dodging
  4701 | D:5      | Noticed Philosophy's ghost (amateur CeHu)
  4812 | D:5      | Found a white marble altar of Elyvilon.
  5072 | D:5      | Found a glowing silver altar of Zin.
  5155 | D:5      | Reached skill level 1 in Spellcasting
  6289 | D:6      | Reached skill level 2 in Spellcasting
  6509 | D:6      | Reached XP level 8. HP: 54/54 MP: 12/12
  6592 | D:6      | Reached * piety under Vehumet
  6592 | D:6      | Offered knowledge of Sandblast by Vehumet.
  6607 | D:6      | Reached skill level 3 in Spellcasting
  6827 | D:6      | Found a glowing drain.
  6849 | Sewer    | Entered a sewer
  7128 | Sewer    | Reached skill level 5 in Fighting
  7698 | D:7      | Offered knowledge of Flame Tongue by Vehumet.
  7723 | D:7      | Reached ** piety under Vehumet
  8133 | D:7      | Reached skill level 4 in Spellcasting
  8268 | D:7      | Reached skill level 5 in Armour
  8356 | D:7      | Noticed Menkaure
  8358 | D:7      | Killed Menkaure
  8479 | D:8      | Reached XP level 9. HP: 62/62 MP: 15/17
  8600 | D:8      | Learned a level 1 spell: Flame Tongue
  8620 | D:8      | Noticed Grum
  8683 | D:8      | Killed Grum
  8683 | D:8      | Reached skill level 5 in Spellcasting
  8683 | D:8      | Reached skill level 1 in Conjurations
  9467 | D:8      | Noticed a manticore
  9472 | D:8      | Offered knowledge of Stone Arrow by Vehumet.
  9480 | D:7      | Learned a level 3 spell: Stone Arrow
  9504 | D:8      | manyhoops: good luck
  9533 | D:8      | Chiseanne: tx
  9570 | D:8      | Found a glowing golden altar of the Shining One.
  9838 | D:9      | Noticed Psyche
  9870 | D:9      | Reached skill level 6 in Spellcasting
 10101 | D:9      | Reached *** piety under Vehumet
 10437 | D:9      | Got a steaming cloak
 10438 | D:9      | Identified the +2 cloak "Etexuy" {Regen+ MP+9 Stlth+} (You found it on level 9 of the Dungeon)
 10497 | D:9      | Noticed a troll
 10519 | D:9      | Killed a troll
 10672 | D:9      | Reached skill level 7 in Spellcasting
 10680 | D:9      | Reached XP level 10. HP: 36/68 MP: 21/21
 10685 | D:9      | Reached skill level 5 in Conjurations
 10821 | D:9      | Learned a level 3 spell: Conjure Flame
 10825 | D:9      | Learned a level 3 spell: Mephitic Cloud
 10828 | D:9      | Learned a level 2 spell: Blink
 10861 | D:9      | Offered knowledge of Throw Icicle by Vehumet.
 11197 | D:9      | Found a staircase to the Orcish Mines.
 11383 | D:9      | Learned a level 4 spell: Throw Icicle
 11658 | D:9      | Killed Psyche
 11658 | D:9      | Reached skill level 8 in Spellcasting
 11742 | D:10     | Entered Level 10 of the Dungeon
 11763 | D:10     | Reached **** piety under Vehumet
 11906 | D:10     | Killed an unseen horror
 11906 | D:10     | Offered knowledge of Fulminant Prism by Vehumet.
 12171 | D:10     | Found a snail-covered altar of Cheibriados.
 12177 | D:10     | Noticed Erolcha
 12191 | D:10     | Killed Erolcha
 12191 | D:10     | Reached skill level 9 in Spellcasting
 12291 | D:10     | Noticed an oklob plant
 12300 | D:10     | Found a staircase to the Lair.
 12322 | D:10     | Noticed Joseph
 12346 | D:10     | Reached XP level 11. HP: 27/72 MP: 5/25
 12360 | D:10     | Killed Joseph
 12516 | D:10     | Noticed a hill giant
 12526 | D:10     | Killed a hill giant
 12547 | D:10     | Killed an unseen horror
 12572 | D:10     | Noticed Maurice
 12710 | D:10     | Reached skill level 10 in Spellcasting
 12789 | D:10     | Killed Maurice
 12926 | D:10     | Learned a level 4 spell: Iskenderun's Mystic Blast
 12969 | D:10     | Noticed Harold
 13110 | D:10     | Killed Harold
 13683 | D:10     | Gained mutation: Your spells are a little harder to cast, but a little more powerful. [potion of beneficial mutation]
 13776 | D:10     | Killed an oklob plant
 14046 | Orc:1    | Entered Level 1 of the Orcish Mines
 14048 | Orc:1    | Noticed an orc knight
 14191 | Lair:1   | Entered Level 1 of the Lair of Beasts
 14404 | Lair:1   | Reached skill level 11 in Spellcasting
 14427 | Lair:1   | Found a labyrinth entrance.
 14447 | Lab      | Entered a labyrinth
 14856 | Lab      | Noticed a minotaur
 14916 | Lab      | Killed a minotaur
 14965 | Lab      | Got a heavily runed bronze ring
 14979 | Lab      | Learned a level 7 spell: Orb of Destruction
 15048 | Lab      | Identified the ring of Suicidal Tendencies {Str+4 Int+7 Slay+2} (You found it in a labyrinth)
 15138 | Lair:1   | Noticed a five-headed hydra
 15146 | Lair:1   | Killed a five-headed hydra
 15146 | Lair:1   | Reached skill level 10 in Conjurations
 15252 | Lair:1   | Reached ***** piety under Vehumet
 15252 | Lair:1   | Offered knowledge of Iskenderun's Battlesphere by Vehumet.
 15261 | Lair:1   | Learned a level 5 spell: Iskenderun's Battlesphere
 15772 | Lair:2   | Reached XP level 12. HP: 75/78 MP: 12/28
 17029 | Lair:3   | Noticed a catoblepas
 17038 | Lair:3   | Killed a catoblepas
 17038 | Lair:3   | Reached skill level 12 in Spellcasting
 17349 | Lair:3   | Found a hole to the Spider Nest.
 17699 | Lair:4   | Noticed a six-headed hydra
 17702 | Lair:4   | Killed a six-headed hydra
 17702 | Lair:4   | Reached skill level 13 in Spellcasting
 17847 | Lair:4   | Noticed an eight-headed hydra
 17850 | Lair:4   | Killed an eight-headed hydra
 18097 | Lair:4   | Found a staircase to the Shoals.
 18105 | Lair:4   | Reached skill level 14 in Spellcasting
 19000 | Lair:5   | Found a runed door.
 19004 | Lair:5   | Found a frozen archway.
 19047 | IceCv    | Entered an ice cave
 19208 | IceCv    | Reached XP level 13. HP: 83/83 MP: 23/32
 19361 | IceCv    | Killed a reaper
 19561 | IceCv    | Got a smoking hat
 19592 | IceCv    | Identified the cursed +0 hat "Punac" {rN+ MR+ Dex-3} (You found it in an ice cave)
 19625 | IceCv    | Reached skill level 15 in Spellcasting
 19680 | IceCv    | Learned a level 7 spell: Spellforged Servitor
 19722 | IceCv    | Offered knowledge of Lee's Rapid Deconstruction by Vehumet.
 19784 | IceCv    | HP: 1/83 [ice devil (9)]
 20221 | Lair:5   | Reached skill level 1 in Summonings
 20906 | Lair:6   | Entered Level 6 of the Lair of Beasts
 21223 | Lair:6   | Found a staircase to the Slime Pits.
 21390 | Lair:6   | Reached skill level 5 in Summonings
 22298 | Lair:6   | Offered knowledge of Fireball by Vehumet.
 23043 | Lair:6   | Got a warped whip
 23070 | Lair:6   | Identified the +8 whip of Lits {slash, *Contam *Drain rElec rN+++} (You found it on level 6 of the Lair of Beasts)
 23293 | Orc:1    | Found a roughly hewn altar of Beogh.
 23303 | Orc:1    | Found a roughly hewn altar of Beogh.
 23935 | Orc:2    | Entered Level 2 of the Orcish Mines
 24041 | Orc:2    | Noticed an ettin
 24046 | Orc:2    | Killed an ettin
 24046 | Orc:2    | Reached XP level 14. HP: 89/89 MP: 28/34
 24315 | Orc:2    | Found a staircase to the Elven Halls.
 24629 | Orc:2    | Found Coun's Magic Scroll Shop.
 24629 | Orc:2    | Found Qudetur's Magic Scroll Emporium.
 24643 | Orc:2    | Found a roughly hewn altar of Beogh.
 24692 | Orc:2    | Bought a scroll of acquirement for 676 gold pieces
 24696 | Orc:2    | Bought a scroll of magic mapping for 45 gold pieces
 24696 | Orc:2    | Bought a scroll of magic mapping for 45 gold pieces
 24696 | Orc:2    | Bought a scroll of amnesia for 45 gold pieces
 24759 | Orc:2    | Bought a scroll of identify for 36 gold pieces
 24759 | Orc:2    | Bought a scroll of identify for 36 gold pieces
 24759 | Orc:2    | Bought a scroll of teleportation for 54 gold pieces
 24759 | Orc:2    | Bought a scroll of identify for 36 gold pieces
 24786 | Orc:2    | Learned a level 6 spell: Iron Shot
 24856 | Orc:2    | Reached ****** piety under Vehumet
 24860 | Orc:2    | Offered knowledge of Poisonous Cloud by Vehumet.
 24868 | Orc:2    | Noticed Saint Roka
 24905 | Orc:2    | Killed Saint Roka
 25293 | Orc:2    | Found Zodghuh's Book Shop.
 25293 | Orc:2    | Found Wihuizan's Food Emporium.
 25487 | Orc:1    | Reached skill level 16 in Spellcasting
 25784 | D:11     | Noticed Danakh's ghost (journeyman MiFi)
 25788 | D:11     | Killed Danakh's ghost
 26370 | D:12     | Found a flagged portal.
 26382 | D:12     | Got an ancient spear
 26383 | D:12     | Identified the +4 spear of Chaos {speed, Str+4} (You found it on level 12 of the Dungeon)
 26399 | Bailey   | Entered a bailey
 26414 | Bailey   | Offered knowledge of Ozocubu's Refrigeration by Vehumet.
 27096 | D:12     | Got a smoking ring mail
 27097 | D:12     | Identified the +4 ring mail of the Ward {Str+7} (You found it on level 12 of the Dungeon)
 27584 | D:12     | Found Nara's General Store.
 27587 | D:12     | Bought a bread ration for 70 gold pieces
 27587 | D:12     | Bought a meat ration for 70 gold pieces
 27587 | D:12     | Bought a scroll of blinking for 105 gold pieces
 27935 | D:13     | Gained mutation: You are surrounded by a mild repulsion field. (EV +2) [potion of beneficial mutation]
 27952 | D:13     | Offered knowledge of Conjure Ball Lightning by Vehumet.
 28804 | D:13     | Found a gate to the Vaults.
 28811 | D:13     | Got a bloodstained flail
 28813 | D:13     | Identified the +7 flail "Heil" {crush, Str+5} (You found it on level 13 of the Dungeon)
 29128 | D:14     | Reached skill level 17 in Spellcasting
 29294 | D:14     | Found Foparrug's Weapon Shop.
 29654 | D:15     | Entered Level 15 of the Dungeon
 29828 | D:15     | Found a staircase to the Depths.
 29925 | D:15     | Noticed Josephine
 29965 | D:15     | Killed Josephine
 29994 | D:15     | Offered knowledge of Delayed Fireball by Vehumet.
 31109 | D:5      | Killed Philosophy's ghost
 31861 | Shoals:1 | Entered Level 1 of the Shoals
 31970 | Shoals:1 | Reached XP level 15. HP: 87/94 MP: 26/37
 32107 | Shoals:1 | Found Wotwaeg's Distillery.
 32116 | Shoals:1 | Bought a potion of heal wounds for 70 gold pieces
 32116 | Shoals:1 | Bought a potion of curing for 42 gold pieces
 32116 | Shoals:1 | Bought a potion of mutation for 35 gold pieces
 32116 | Shoals:1 | Bought 2 potions of heal wounds for 140 gold pieces
 32116 | Shoals:1 | Bought a potion of haste for 140 gold pieces
 32116 | Shoals:1 | Bought a potion of flight for 42 gold pieces
 32167 | Shoals:1 | Found Rishrola's Antique Weapon Emporium.
 32379 | Shoals:3 | Got an ancient garnet amulet
 32381 | Shoals:3 | Identified the amulet "Ucack" {+Inv MR+ Regen+} (You found it on level 3 of the Shoals)
 32427 | Shoals:4 | Entered Level 4 of the Shoals
 32518 | Shoals:4 | Reached skill level 15 in Conjurations
 33082 | Shoals:4 | Reached skill level 18 in Spellcasting
 33608 | Shoals:4 | Got a fine quarterstaff
 33609 | Shoals:4 | Identified the +11 quarterstaff "Wamoox" {crush, Int+2} (You found it on level 4 of the Shoals)
 33623 | Shoals:4 | Noticed Ilsuiw
 33638 | Shoals:4 | Killed Ilsuiw
 33803 | Shoals:4 | Offered knowledge of Glaciate by Vehumet.
 33803 | Shoals:4 | Offered knowledge of Shatter by Vehumet.
 33803 | Shoals:4 | Offered knowledge of Tornado by Vehumet.
 34063 | Shoals:4 | Learned a level 9 spell: Glaciate
 34121 | Shoals:4 | Reached skill level 1 in Ice Magic
 34573 | Shoals:4 | Got a barnacled rune of Zot
 34793 | Spider:1 | Entered Level 1 of the Spider Nest
 35067 | Spider:1 | Reached skill level 5 in Ice Magic
 35296 | Spider:2 | Noticed TheWoodenMan's ghost (journeyman MfFi)
 35303 | Spider:2 | Killed TheWoodenMan's ghost
 35542 | Spider:2 | Reached XP level 16. HP: 99/99 MP: 3/39
 36328 | Spider:4 | Entered Level 4 of the Spider Nest
 37343 | Depths:1 | Entered Level 1 of the Depths
 37695 | Depths:1 | Found a gateway to Hell.
 37809 | Depths:1 | Found Ylonwoag's One-of-a-Kind Books.
 37934 | Depths:1 | Reached skill level 10 in Ice Magic
 37948 | Depths:1 | Noticed an ancient lich
 37956 | Depths:1 | Noticed an ancient lich
 37958 | Depths:1 | Killed an ancient lich
 37960 | Depths:1 | Killed an ancient lich
 37966 | Depths:1 | Found a gateway to a ziggurat.
 38151 | Depths:1 | Found a corrupted altar of Lugonu.
 38151 | Depths:1 | Found a one-way gate to the infinite horrors of the Abyss.
 38503 | Depths:2 | Got a scorched scimitar
 38504 | Depths:2 | Identified the +1 scimitar "Geniqu" {venom, rN+ Int-3 SInv Stlth+} (You found it on level 2 of the Depths)
 38517 | Depths:2 | Noticed a sphinx
 38527 | Depths:2 | Killed a sphinx
 38530 | Depths:2 | Noticed a titan
 38539 | Depths:2 | Killed a titan
 38672 | Depths:2 | Noticed a golden dragon
 38673 | Depths:2 | Killed a golden dragon
 38678 | Depths:2 | Noticed a lich
 38680 | Depths:2 | Killed a lich
 39031 | Depths:2 | Paralysed by a floating eye for 2 turns
 39034 | Depths:2 | Noticed a storm dragon
 39045 | Depths:2 | Killed a storm dragon
 39113 | Depths:2 | Reached XP level 17. HP: 105/105 MP: 40/40
 39435 | Depths:2 | Noticed a tentacled monstrosity
 39448 | Depths:2 | Reached skill level 1 in Shields
 39458 | Depths:2 | Killed a tentacled monstrosity
 40587 | Depths:3 | Noticed Mara
 40911 | Depths:3 | Killed Mara
 41032 | Depths:3 | Found a one-way gate leading to the halls of Pandemonium.
 41129 | Depths:3 | Reached skill level 15 in Ice Magic
 42027 | Depths:4 | Noticed a tentacled monstrosity
 42034 | Depths:4 | Killed a tentacled monstrosity
 43431 | Depths:4 | Reached XP level 18. HP: 58/110 MP: 41/41
 43591 | Depths:4 | Found Jevi's Antique Armour Emporium.
 43597 | Depths:4 | Bought a distressingly furry cloak for 332 gold pieces
 43597 | Depths:4 | Bought a smoking ring mail for 315 gold pieces
 43598 | Depths:4 | Identified the +2 cloak "Sixiz" {Str+3} (You bought it in a shop on level 4 of the Depths)
 43600 | Depths:4 | Identified the +2 ring mail of Lucidity {rPois rF+ rC+} (You bought it in a shop on level 4 of the Depths)
 44267 | Depths:4 | Noticed a juggernaut
 44278 | Depths:4 | Killed a juggernaut
 44779 | Depths:5 | Entered Level 5 of the Depths
 44779 | Depths:5 | Noticed a lich
 44785 | Depths:5 | Killed a lich
 44792 | Depths:5 | Noticed a lich
 44794 | Depths:5 | Killed a lich
 44851 | Depths:5 | Noticed a tentacled monstrosity
 44863 | Depths:5 | Killed a tentacled monstrosity
 45146 | Depths:5 | Noticed a golden dragon
 45155 | Depths:5 | Killed a golden dragon
 45400 | Depths:5 | Found a gate to the Realm of Zot.
 46042 | Depths:5 | Found Peigy's Jewellery Shoppe.
 46043 | Depths:5 | Found Wiwyri's Gadget Shop.
 46044 | Depths:5 | Found Guku Fuh's Jewellery Shoppe.
 46057 | Depths:5 | Bought a cursed ring of loudness for 76 gold pieces
 46066 | Depths:5 | Bought the amulet "Neixit" {Faith rPois rF+ SInv} for 1060 gold pieces
 46137 | Depths:5 | Found a snail-covered altar of Cheibriados.
 46149 | Depths:5 | Noticed Sojobo
 46172 | Depths:5 | Killed Sojobo
 46172 | Depths:5 | Reached skill level 19 in Spellcasting
 47882 | Spider:4 | Reached XP level 19. HP: 115/115 MP: 11/43
 48746 | Spider:4 | Got a gossamer rune of Zot
 49118 | Elf:1    | Entered Level 1 of the Elven Halls
 49417 | Elf:1    | Noticed Roxanne
 49421 | Elf:1    | Killed Roxanne
 49423 | Elf:1    | Identified Roxanne's Papyrus of Stones (You took it off Roxanne on level 1 of the Elven Halls)
 50183 | Elf:2    | Found Fyirchino's Book Emporium.
 50419 | Elf:2    | Found a runed gate.
 50419 | Elf:2    | Found a runed gate.
 50421 | Elf:2    | Found a runed gate.
 50885 | Elf:3    | Entered Level 3 of the Elven Halls
 51016 | Elf:3    | Gained mutation: You are frail. (-10% HP) [a cacodemon]
 51255 | Elf:3    | Got an ichor-stained falchion {slice}
 51255 | Elf:3    | Got a polished leather armour
 51360 | Elf:3    | Identified the cursed +3 falchion of Tahiqux {slice, rPois rN+ Str-4 Int+4} (You took it off a deep elf death mage on level 3 of the Elven Halls)
 51361 | Elf:3    | Identified the cursed +1 leather armour "Zopam" {rF+ Int+4 SInv} (You took it off a deep elf death mage on level 3 of the Elven Halls)
 51380 | Elf:3    | Shot with an arrow by a deep elf master archer

Skill      XL: |  1  2  3  4  5  6  7  8  9 10 11 12 13 14 15 16 17 18 19 |
---------------+----------------------------------------------------------+-----
Dodging        | 3 4 5 6 |  6.9
Fighting       | 2 3 4 5 |  5.9
Armour         | 1 2 3 4 5 6 8 |  8.1
Evocations     | 4 |  4.7
Spellcasting   | 2 4 7 9 11 14 15 17 18 19 | 19.9
Conjurations   | 4 7 10 11 12 14 16 17 18 | 18.7
Translocations | 2 4 |  4.1
Summonings     | 8 |  8.0
Ice Magic      | 6 13 16 17 18 | 18.2
Shields        | 4 |  4.8
Short Blades   | |  1.2
Stealth        | |  1.1

Action                   |  1- 3 |  4- 6 |  7- 9 | 10-12 | 13-15 | 16-18 | 19-21 || total
-------------------------+-------+-------+-------+-------+-------+-------+-------++-------
Melee: Short sword       |    22 |       |       |       |       |       |       ||    22
       Hand axe          |    94 |   118 |   665 |   145 |     5 |       |       ||  1027
       Staff             |       |       |       |     1 |     1 |     3 |       ||     5
       Flail             |       |       |       |       |   133 |       |     4 ||   137
 Fire: Blowgun           |       |       |    25 |    81 |       |       |       ||   106
       Hand crossbow     |       |       |       |     6 |     2 |       |       ||     8
Throw: Tomahawk          |       |       |    11 |       |       |       |       ||    11
       Throwing net      |       |       |       |       |     1 |       |       ||     1
 Cast: Stone Arrow       |       |       |       |    59 |     4 |       |       ||    63
       Throw Icicle      |       |       |       |    31 |       |       |       ||    31
       Mephitic Cloud    |       |       |       |    23 |    78 |    54 |     2 ||   157
       Conjure Flame     |       |       |       |    10 |     8 |     6 |       ||    24
       Iskenderun's Myst |       |       |       |   189 |   232 |     2 |       ||   423
       Orb of Destructio |       |       |       |     9 |    73 |   132 |    23 ||   237
       Iskenderun's Batt |       |       |       |    25 |    54 |     6 |     1 ||    86
       Spellforged Servi |       |       |       |       |   129 |   163 |    31 ||   323
       Iron Shot         |       |       |       |       |    45 |    65 |    36 ||   146
       Glaciate          |       |       |       |       |       |       |    17 ||    17
Evoke: Wand              |    11 |    12 |    44 |    14 |     8 |     3 |     2 ||    94
       Phial of floods   |       |       |       |       |     1 |       |     1 ||     2
       Fan of gales      |       |       |       |       |     1 |       |       ||     1
       Sack of spiders   |       |       |       |       |       |       |     6 ||     6
       Rod               |       |       |       |       |       |       |     2 ||     2
       Lamp of fire      |       |       |       |       |       |       |     1 ||     1
  Use: Scroll            |     8 |     1 |    20 |    12 |    25 |    14 |     9 ||    89
       Potion            |       |       |    12 |     4 |    11 |     5 |     1 ||    33
 Stab: Sleeping          |     2 |       |       |       |       |     1 |       ||     3
       Paralysed         |       |     4 |       |       |       |       |       ||     4
       Confused          |       |       |     2 |       |       |       |       ||     2
  Eat: Chunk             |     4 |     6 |    28 |    33 |    78 |    74 |    13 ||   236
       Beef jerky        |       |       |     1 |     1 |     4 |     6 |     1 ||    13
       Pizza             |       |       |     1 |     2 |     5 |     1 |       ||     9
       Royal jelly       |       |       |       |       |     2 |       |       ||     2
       Fruit             |       |       |       |       |     8 |       |       ||     8
       Bread ration      |       |       |       |       |       |     1 |     3 ||     4
Armor: Leather armour    |     4 |       |       |       |       |       |       ||     4
       Ring mail         |    32 |    32 |   149 |    26 |       |       |       ||   239
       Skin              |       |       |    25 |     1 |       |       |       ||    26
       Troll leather arm |       |       |       |    17 |       |       |       ||    17
       Robe              |       |       |       |     4 |    54 |    26 |    13 ||    97
Dodge: Dodged            |    84 |   137 |   857 |   188 |   245 |   161 |    35 ||  1707
Block: Buckler           |       |       |       |       |       |    43 |    19 ||    62
